 Dungeon Crawl Stone Soup version 0.28.0-53-g5a82cb258f (webtiles) character file.

Game seed: 7981252159997486147

271 Revguard the Slasher (level 6, -2/46 HPs)
             Began as a Demonspawn Gladiator on July 28, 2022.
             Slain by a black bear (4 damage)
             ... on level 5 of the Dungeon.
             The game lasted 00:07:19 (3922 turns).

Revguard the Slasher (Demonspawn Gladiator)         Turns: 3922, Time: 00:07:20

Health: -2/46      AC:  7    Str: 14    XL:     6   Next: 2%
Magic:  7/7        EV: 20    Int: 12    God:
Gold:   105        SH:  0    Dex: 14    Spells: 7/7 levels left

rFire   . . .      SeeInvis .   a - +1 long sword
rCold   . . .      Faith    .   (no shield)
rNeg    . . .      Spirit   .   p - +0 ring mail
rPois   .          Reflect  .   c - +0 helmet
rElec   .          Harm     .   (no cloak)
rCorr   .          Rampage  .   (no gloves)
Will    .....                   n - +0 pair of boots
Stlth   +.........              (no amulet)
HPRegen 0.15/turn               b - +4 ring of evasion
MPRegen 0.10/turn               (no ring)

@: agile
A: powered by pain 1, demonic magic 2
a: no special abilities


You were on level 5 of the Dungeon.
You visited 1 branch of the dungeon, and saw 5 of its levels.

You collected 105 gold pieces.

Inventory:

Hand Weapons
 a - a +1 long sword (weapon)
Missiles
 d - 2 throwing nets (quivered)
Armour
 c - a +0 helmet (worn)
 n - a +0 pair of boots (worn)
 p - a +0 ring mail (worn)
Jewellery
 b - a +4 ring of evasion (left hand)
 g - an amulet of faith
Scrolls
 e - 4 scrolls of teleportation
Potions
 h - a potion of mutation
 i - a potion of attraction
 l - a potion of haste
 m - a potion of resistance {unknown}
 o - 2 potions of might {unknown}


   Skills:
 + Level 2.6 Fighting
 * Level 3.6 Long Blades
 - Level 1.7 Throwing
 * Level 2.3 Armour
 + Level 3.2 Dodging
 + Level 1.1 Spellcasting
 + Level 1.7 Necromancy
 + Level 1.0 Ice Magic
 - Level 2.1 Invocations
 - Level 0.4 Evocations


You had 7 spell levels left.
You didn't know any spells.
Your spell library contained the following spells:

 Spells                   Type           Power      Damage    Failure   Level
 Ensorcelled Hibernation  Hex/Ice        4%         N/A       56%         2
 Spider Form              Tmut/Pois      0%         N/A       87%         3
 Anguish                  Hex/Necr       1%         N/A       99%         4


Dungeon Overview and Level Annotations

Branches:
Dungeon (5/15)
 Temple: D:4-7

Altars:
Ru

Shops:
D:3 *


Innate Abilities, Weirdness & Mutations

You sometimes gain a little power by taking damage.
Spells you cast may paralyse nearby enemies.


Message History

The black bear closely misses you. x2
The black bear claws you but does no damage.
You closely miss the black bear.
The black bear is severely wounded.
The black bear goes berserk!
The black bear bites you!
You focus on the pain.
You feel agile all of a sudden. The black bear misses you.
The black bear claws you.
You hit the black bear but do no damage.
The black bear is severely wounded.
You hear the slow rusting of a distant drain.
The black bear barely misses you. The black bear misses you.
The black bear claws you but does no damage.
You hit the black bear but do no damage.
The black bear is severely wounded.
The black bear misses you. x2; The black bear closely misses you.
The black bear bites you but does no damage.
The black bear barely misses you.
The black bear claws you but does no damage.
You hit the black bear but do no damage.
The black bear is severely wounded.
The black bear completely misses you. The black bear barely misses you.
The black bear claws you. The black bear barely misses you.
The black bear misses you. The black bear completely misses you.
You closely miss the black bear.
The black bear is severely wounded.
The black bear bites you. The black bear claws you.
The black bear closely misses you. The black bear bites you!
The black bear claws you but does no damage.
The black bear closely misses you.
You hit the black bear.
The black bear is almost dead.
The black bear bites you.
* * * LOW HITPOINT WARNING * * *
The black bear claws you.
* * * LOW HITPOINT WARNING * * *
The black bear closely misses you. The black bear barely misses you.
The black bear claws you.
* * * LOW HITPOINT WARNING * * *
The black bear claws you.
You die...

######........#
#.####...# .##
#.# ## ..##
#.######## #.h.
#........# ...
########.# ..
#.## .# #..##.#
#..@hZ# #.###.#
#.# .# #.# ..
#.# ... #.#
#.5. #.# ..##
#. .##


You could see a black bear (berserk) and a water moccasin skeleton.

Vanquished Creatures
  An ogre (D:4)
  A centaur skeleton (D:4)
  An orc wizard (D:4)
  A hound skeleton (D:5)
  A howler monkey zombie (D:4)
  6 adders
  An ufetubus (D:5)
  An adder skeleton (D:4)
  A dart slug (D:1)
  An orc (D:4)
  3 ball pythons
  4 bats
  5 endoplasms
  2 giant cockroaches
  3 goblins
  3 hobgoblins
  4 quokkas
  4 frilled lizards
  9 kobolds
  3 rats
55 creatures vanquished.

Vanquished Creatures (others)
  2 plants (D:4)
2 creatures vanquished.

Grand Total: 57 creatures vanquished

Notes
Turn   | Place    | Note
-------+----------+-------------------------------------------
     0 | D:1      | Revguard the Demonspawn Gladiator began the quest for the
                  | Orb.
     0 | D:1      | Reached XP level 1. HP: 16/16 MP: 1/1
   143 | D:1      | Found a faded altar of an unknown god.
   593 | D:1      | Gained mutation: Spells you cast may paralyse adjacent
                  | enemies. [demonic ancestry]
   593 | D:1      | Reached XP level 2. HP: 17/22 MP: 2/2
  1247 | D:2      | Reached skill level 1 in Armour
  1247 | D:2      | Reached skill level 1 in Invocations
  1286 | D:2      | Reached XP level 3. HP: 27/27 MP: 3/3
  2082 | D:3      | Found Seunipti's Assorted Antiques.
  2986 | D:4      | Reached XP level 4. HP: 18/33 MP: 4/4
  2987 | D:4      | Reached skill level 1 in Necromancy
  3279 | D:4      | Found a sacrificial altar of Ru.
  3403 | D:4      | Noticed an ogre
  3407 | D:4      | Gained mutation: You sometimes gain a little power by
                  | taking damage. [demonic ancestry]
  3407 | D:4      | Reached XP level 5. HP: 39/39 MP: 6/6
  3414 | D:4      | Killed an ogre
  3415 | D:4      | Reached skill level 1 in Spellcasting
  3554 | D:4      | Reached skill level 1 in Ice Magic
  3822 | D:5      | Entered Level 5 of the Dungeon
  3875 | D:5      | Gained mutation: Spells you cast may paralyse nearby
                  | enemies. [demonic ancestry]
  3875 | D:5      | Reached XP level 6. HP: 46/46 MP: 7/7
  3922 | D:5      | HP: 2/46 [black bear (6)]
  3922 | D:5      | Slain by a black bear

Illustrated notes

Levels and vault maps discovered:
D:1:      wheals_arrival_shading, layout_basic,
          shapermc_ecumenical_altar_totnotflames
D:2:      layout_basic
D:3:      layout_loops_corners, serial_shops, nicolae_shop_hallway_plus
D:4:      layout_rooms, nicolae_ru_great_annihilating_truth,
          serial_bayou_lagoon_a, minmay_door_square
D:5:      minmay_octagon_keep, layout_loops_ring, gup_sewer_entry_bubbles,
          serial_shops, nicolae_shop_bloodbath_and_beyond,
          gammafunk_ghost_split, hangedman_decor_riveting, grunt_ministairs_12

Skill      XL: |  1  2  3  4  5 |
---------------+----------------+-----
Armour         | 1 2 |  2.3
Invocations    | 1 2 |  2.1
Long Blades    | 3 |  3.6
Necromancy     | 1 |  1.7
Dodging        | 3 |  3.2
Spellcasting   | 1 |  1.1
Ice Magic      | 1 |  1.0
Fighting       | |  2.6
Throwing       | |  1.7
Evocations     | |  0.4

Action                   |  1- 3 |  4- 6 || total
-------------------------+-------+-------++-------
Melee: Long sword        |   117 |    67 ||   184
       Punch             |     2 |       ||     2
Throw: Throwing net      |       |     1 ||     1
  Use: Scroll            |     4 |     3 ||     7
 Stab: Sleeping          |     3 |       ||     3
       Paralysed         |       |     1 ||     1
Armor: Leather armour    |    44 |    12 ||    56
       Ring mail         |       |     9 ||     9
Dodge: Dodged            |    80 |    61 ||   141
